 Dungeon Sprint DCSS version 0.30-a0-509-gd016549fea (webtiles) character file.

Game seed: 5055596151987774650

21 rocky1 the Shield-Bearer (level 3, -1/31 HPs)
             Began as a Formicid Fighter on Dec 23, 2022.
             Slain by a scorpion (6 damage)
             ... in the Dungeon (Sprint III: "The Ten Rune Challenge").
             The game lasted 00:00:45 (95 turns).

rocky1 the Shield-Bearer (Formicid Fighter)           Turns: 95, Time: 00:00:45

Health: -1/31      AC:  7    Str: 22    XL:     3   Next: 5%
Magic:  3/3        EV:  9    Int:  7    God:
Gold:   29         SH:  5    Dex: 13    Spells: 2/2 levels left

rFire   . . .      SeeInvis +    a - +0 trident
rCold   . . .      Faith    .    c - +0 buckler
rNeg    . . .      Spirit   .    b - +0 scale mail
rPois   .          Reflect  .    (helmet unavailable)
rElec   .          Harm     .    (no cloak)
rCorr   .          Rampage  .    (no gloves)
Will    .....                    (no boots)
Stlth   ..........               (no amulet)
HPRegen 0.25/turn                (no ring)
MPRegen 0.08/turn                (no ring)

@: lethally poisoned (-1 -> -5)
A: permanent stasis, dig shafts and tunnels, antennae 3, four strong arms
a: Dig


You were in the Dungeon.
You visited 1 branch You collected 29 gold pieces.

Inventory:

Hand Weapons
 a - a +0 trident (weapon)
Armour
 b - a +0 scale mail (worn)
 c - a +0 buckler (worn)
Scrolls
 i - a scroll of poison {unknown}
 j - a scroll of fog {unknown}
 k - a scroll of torment {unknown}
 l - a scroll of identify {unknown}
Potions
 d - a potion of might
 e - 2 potions of curing
 f - a potion of heal wounds
 g - 2 potions of magic
 m - a potion of cancellation {unknown}
 n - 2 potions of flight
 o - 4 potions of mutation


   Skills:
 + Level 4.6 Fighting
 + Level 3.0 Polearms
 + Level 4.4 Armour
 + Level 5.3 Shields


You had 2 spell levels left.
You didn't know any spells.
Your spell library was empty.

Dungeon Overview and Level Annotations

Branches:
Dungeon (1/1)

Altars:


Innate Abilities, Weirdness & Mutations

You cannot be hasted, slowed, berserked, paralysed or teleported.
You can dig through walls and to a lower floor.
You have a pair of large antennae on your head. (SInv)
Your four strong arms can wield two-handed weapons with a shield.


Message History

You feel sick.
The scorpion struggles against the net.
Unknown command.
You hit the scorpion but do no damage.
You feel sick.
The scorpion struggles against the net.
You hit the scorpion but do no damage.
You feel sick.
The scorpion struggles against the net. x2
The net rips apart, and the scorpion comes free!
You completely miss the scorpion.
You feel sick. The scorpion misses you.
You hit the scorpion but do no damage.
You feel sick. The scorpion barely misses you. The scorpion closely misses you.
You hit the scorpion.
The scorpion is moderately wounded.
You feel sick.
You are no longer poisoned.
You block the scorpion's attack.
You closely miss the scorpion.
The scorpion is moderately wounded.
The scorpion stings you but does no damage.
The scorpion stings you.
You are poisoned.
The scorpion poisons you!
You puncture the scorpion!
The scorpion is almost dead.
You feel very sick. The scorpion barely misses you.
You hit the scorpion but do no damage.
The scorpion is almost dead.
* * * LOW HITPOINT WARNING * * *
You feel very sick.
The scorpion stings you but does no damage.
You block the scorpion's attack.
You hit the scorpion but do no damage.
The scorpion is almost dead.
* * * LOW HITPOINT WARNING * * *
You feel sick.
The scorpion stings you but does no damage.
You completely miss the scorpion.
The scorpion is almost dead.
You feel sick. The scorpion closely misses you. The scorpion stings you.
You die...

▓▓▓▓▓▓▓▓▓
▓<..#.†.####
▓...#......#####
▓..##..........# {
▓##.##.##...#..#
##.##.###..##@#
▓#.####.##..###s..+
{ ▓.###..##..##
...# ▓#.†...##..#
...# ###..##...#
...# ##..##....#
...# #..###..##.
...# { #..# #..
...# ▓▓▓▓ ▓▓▓


You could see a scorpion.

Vanquished Creatures
  A human (D)
  An endoplasm (D)
  3 rats (D)
5 creatures vanquished.

Notes
Turn   | Place    | Note
-------+----------+-------------------------------------------
     0 | D        | rocky1 the Formicid Fighter began the quest for the Orb.
     0 | D        | Reached XP level 1. HP: 18/18 MP: 1/1
    70 | D        | Noticed a scorpion
    85 | D        | Reached skill level 5 in Shields
    85 | D        | Reached XP level 2. HP: 20/26 MP: 2/2
    85 | D        | Reached XP level 3. HP: 24/31 MP: 3/3
    95 | D        | Slain by a scorpion

Illustrated notes

Levels and vault maps discovered:
D:        dungeon_sprint_mu [sprint_mu_entry_cave, sprint_mu_temple_rooms,
          sprint_mu_d1_spiders, sprint_mu_d2_genie, sprint_mu_d3_branching,
          sprint_mu_orc_legion, sprint_mu_elf_gauntlet, sprint_mu_hive_nellie,
          sprint_mu_lair_fedhas, sprint_mu_vaults_butterflies,
          sprint_mu_slime_circle, sprint_mu_swamp_cave, sprint_mu_snake_twists,
          sprint_mu_blade_basic, sprint_mu_crypt_lich, sprint_mu_tomb_spiral,
          sprint_mu_vestibule_basic, sprint_mu_gehenna_hellfire,
          sprint_mu_dis_giant, sprint_mu_tartarus_statrot,
          sprint_mu_cocytus_islands, sprint_mu_zot1]

Skill      XL: |  1 |
---------------+----+-----
Fighting       | 4 |  4.6
Polearms       | 3 |  3.0
Armour         | 4 |  4.4
Shields        | 5 |  5.3

Action                   || total
-------------------------++-------
Melee: Trident           ||    37
Throw: Throwing net      ||     1
 Abil: Dig               ||     1
Armor: Scale mail        ||     9
Dodge: Dodged            ||    12
Block: Buckler           ||     5

Table legend: (Time is in decaauts)
 A = Elapsed time spent in this place.
 B = Non-inter-level travel time spent in this place.
 C = Inter-level travel time spent in this place.
 D = Time resting spent in this place.
 E = Time spent auto-exploring this place.
 F = Levels seen in this place.
 G = Mean time per level.
                   A        B        C        D        E       F      G
               +--------+--------+--------+--------+--------+-----+--------+
         Total |    102 |    102 |      0 |      0 |     16 |   1 |  102.0 |
       Dungeon |    102 |    102 |      0 |      0 |     16 |   1 |  102.0 |
               +--------+--------+--------+--------+--------+-----+--------+

Top non-repeatable levels by time:
       D: 102 daAuts
